[ AOE2 MATCH · #506467766 ]
UnrankedArmenians vs Byzantines
Player's team · WIN
Rival team · LOSS
[ REPLAY ANALYSIS · EXTRACTED FROM THE RECORDED GAME ]
Feudal
10:15
Castle
21:08
Imperial
36:18
| APM avg | 139.0 |
| APM peak | 249 |
| eAPM avg | 93.9 |
| Villagers / military | 182 / 1356 |
Focus
⚔️ 83.2% · 🌾 16.8%
Skirmisher ×636 · Militia ×408 · Composite Bowman ×122 · Spearman ×93 · Monk ×46 · Trebuchet (Packed) ×18
Feudal
9:17
Castle
21:16
Imperial
37:44
| APM avg | 97.9 |
| APM peak | 151 |
| eAPM avg | 51.1 |
| Villagers / military | 347 / 864 |
Focus
⚔️ 57.6% · 🌾 42.4%
Skirmisher ×639 · Cataphract ×95 · Scout Cavalry ×86 · Bombard Cannon ×17 · Monk ×7 · Mangonel ×7
Match map
Initial resources + every placement click. Lines = walls · curves = elevation contours. ◆ gold · ⬟ stone · ● berries · ✦ relic · ◌ wall gap
Your base· ✓ Closed at 21:08 · 48t walls · no gate
wR.Lucho's base· Open — opponent sealed themselves in
Smoothed initial terrain · ◌ = detected wall gap · hover for details
Inputs per minute
— DS_StonePleaseAoE - - wR.Lucho
Build order — DS_StonePleaseAoE
First 150 of 1198 actions detected
| 0:00 | Create | Villager (Male) |
| 0:00 | Create | Villager (Male) |
| 0:00 | Create | Villager (Male) |
| 0:01 | Create | Villager (Male) |
| 0:02 | Build | House |
| 0:05 | Build | House |
| 1:26 | Create | Villager (Male) |
| 1:26 | Create | Villager (Male) |
| 1:35 | Build | Palisade Wall |
| 2:03 | Create | Villager (Male) |
| 2:04 | Create | Villager (Male) |
| 2:30 | Create | Villager (Male) |
| 2:30 | Create | Villager (Male) |
| 2:36 | Build | Barracks |
| 2:57 | Create | Villager (Male) |
| 2:57 | Create | Villager (Male) |
| 3:13 | Create | Villager (Male) |
| 3:13 | Create | Villager (Male) |
| 3:30 | Build | House |
| 3:36 | Create | Militia |
| 3:37 | Create | Militia |
| 3:50 | Create | Villager (Male) |
| 3:50 | Create | Villager (Male) |
| 4:12 | Create | Villager (Male) |
| 4:15 | Build | House |
| 4:32 | Create | Militia |
| 4:32 | Create | Villager (Male) |
| 4:51 | Create | Militia |
| 5:02 | Create | Villager (Male) |
| 5:27 | Create | Villager (Male) |
| 5:50 | Create | Villager (Male) |
| 6:12 | Create | Villager (Male) |
| 6:42 | Create | Villager (Male) |
| 6:45 | Build | Mule Cart |
| 7:08 | Create | Villager (Male) |
| 7:17 | Research | Loom |
| 7:17 | Research | Loom |
| 8:05 | Research | Feudal Age |
| 8:05 | Research | Feudal Age |
| 8:37 | Build | Mill |
| 9:30 | Create | Villager (Male) |
| 9:38 | Build | House |
| 9:58 | Build | Farm |
| 10:02 | Build | Mule Cart |
| 10:15 | Age | Feudal Age |
| 10:20 | Build | House |
| 10:23 | Build | Archery Range |
| 10:29 | Build | House |
| 10:32 | Create | Villager (Male) |
| 10:34 | Build | Archery Range |
| 10:40 | Research | Double-Bit Axe |
| 10:52 | Create | Villager (Male) |
| 10:56 | Build | House |
| 11:06 | Build | House |
| 11:09 | Build | Farm |
| 11:17 | Create | Villager (Male) |
| 11:24 | Build | Palisade Wall |
| 11:25 | Create | Skirmisher |
| 11:37 | Create | Villager (Male) |
| 11:44 | Create | Skirmisher |
| 11:51 | Build | Blacksmith |
| 11:52 | Create | Villager (Male) |
| 12:00 | Build | Mule Cart |
| 12:06 | Create | Villager (Male) |
| 12:18 | Create | Skirmisher |
| 12:33 | Create | Villager (Male) |
| 12:40 | Build | Farm |
| 12:40 | Build | Farm |
| 12:47 | Build | Farm |
| 12:57 | Create | Skirmisher |
| 13:05 | Create | Villager (Male) |
| 13:13 | Build | Farm |
| 13:13 | Build | Farm |
| 13:15 | Create | Skirmisher |
| 13:17 | Create | Villager (Male) |
| 13:17 | Create | Villager (Male) |
| 13:20 | Build | House |
| 13:27 | Build | Palisade Wall |
| 13:32 | Build | Farm |
| 13:33 | Build | Farm |
| 13:45 | Create | Skirmisher |
| 13:53 | Build | Palisade Wall |
| 13:56 | Build | Palisade Wall |
| 14:02 | Create | Villager (Male) |
| 14:06 | Create | Villager (Male) |
| 14:06 | Create | Villager (Male) |
| 14:09 | Build | House |
| 14:16 | Build | Palisade Wall |
| 14:18 | Build | Palisade Wall |
| 14:22 | Create | Skirmisher |
| 14:32 | Build | Farm |
| 14:34 | Build | Farm |
| 14:37 | Build | Farm |
| 14:48 | Create | Villager (Male) |
| 14:52 | Create | Skirmisher |
| 15:00 | Build | Farm |
| 15:02 | Research | Fletching |
| 15:03 | Research | Fletching |
| 15:19 | Create | Villager (Male) |
| 15:20 | Build | Farm |
| 15:24 | Build | Farm |
| 15:33 | Create | Skirmisher |
| 15:48 | Create | Villager (Male) |
| 15:59 | Build | Farm |
| 16:07 | Create | Villager (Male) |
| 16:11 | Create | Spearman |
| 16:29 | Build | Farm |
| 16:33 | Research | Wheelbarrow |
| 16:54 | Create | Villager (Male) |
| 16:58 | Create | Skirmisher |
| 17:21 | Build | Market |
| 17:42 | Create | Villager (Male) |
| 17:44 | Create | Skirmisher |
| 18:16 | Create | Skirmisher |
| 18:28 | Research | Castle Age |
| 18:33 | Create | Skirmisher |
| 18:37 | Build | Archery Range |
| 18:53 | Build | House |
| 18:56 | Build | Mule Cart |
| 18:59 | Create | Skirmisher |
| 19:11 | Create | Skirmisher |
| 19:28 | Research | Horse Collar |
| 19:28 | Research | Horse Collar |
| 19:38 | Create | Skirmisher |
| 19:38 | Create | Skirmisher |
| 19:56 | Create | Skirmisher |
| 19:56 | Create | Skirmisher |
| 20:12 | Create | Skirmisher |
| 20:13 | Create | Skirmisher |
| 20:30 | Create | Skirmisher |
| 20:30 | Create | Skirmisher |
| 20:45 | Create | Villager (Male) |
| 20:50 | Create | Skirmisher |
| 21:06 | Create | Villager (Male) |
| 21:08 | Age | Castle Age |
| 21:08 | Build | Stable |
| 21:11 | Research | Elite Skirmisher (upgrade) |
| 21:12 | Research | Bodkin Arrow |
| 21:13 | Research | Bodkin Arrow |
| 21:20 | Build | Monastery |
| 21:22 | Create | Villager (Male) |
| 21:34 | Research | Bow Saw |
| 21:34 | Research | Bow Saw |
| 21:39 | Build | House |
| 21:52 | Create | Villager (Male) |
| 21:58 | Create | Skirmisher |
| 22:21 | Create | Villager (Male) |
| 22:22 | Create | Skirmisher |
| 22:26 | Create | Skirmisher |
| 22:33 | Create | Skirmisher |
Build order — wR.Lucho
First 150 of 1025 actions detected
| 0:01 | Create | Villager (Male) |
| 0:01 | Build | House |
| 0:02 | Build | House |
| 0:08 | Create | Villager (Male) |
| 0:12 | Create | Villager (Male) |
| 0:12 | Create | Villager (Male) |
| 1:29 | Create | Villager (Male) |
| 2:05 | Create | Villager (Male) |
| 2:05 | Create | Villager (Male) |
| 2:13 | Build | Lumber Camp |
| 2:29 | Create | Villager (Male) |
| 2:29 | Create | Villager (Male) |
| 2:53 | Create | Villager (Male) |
| 2:53 | Create | Villager (Male) |
| 2:54 | Create | Villager (Male) |
| 3:40 | Create | Villager (Male) |
| 3:41 | Create | Villager (Male) |
| 3:54 | Create | Villager (Male) |
| 3:54 | Create | Villager (Male) |
| 4:03 | Build | House |
| 4:16 | Create | Villager (Male) |
| 4:16 | Create | Villager (Male) |
| 4:17 | Create | Villager (Male) |
| 4:48 | Build | Palisade Wall |
| 5:01 | Build | Palisade Wall |
| 5:19 | Create | Villager (Male) |
| 5:40 | Create | Villager (Male) |
| 5:41 | Build | Mining Camp |
| 5:49 | Research | Loom |
| 5:57 | Build | Palisade Wall |
| 6:02 | Create | Villager (Male) |
| 6:08 | Build | House |
| 6:10 | Build | Palisade Wall |
| 6:38 | Create | Villager (Male) |
| 6:50 | Build | Palisade Wall |
| 7:07 | Research | Feudal Age |
| 7:07 | Research | Feudal Age |
| 7:08 | Research | Feudal Age |
| 7:30 | Build | Palisade Wall |
| 7:43 | Build | Lumber Camp |
| 8:28 | Create | Villager (Male) |
| 8:40 | Build | Barracks |
| 8:55 | Create | Villager (Male) |
| 9:17 | Age | Feudal Age |
| 9:29 | Build | Archery Range |
| 9:38 | Research | Double-Bit Axe |
| 9:54 | Build | House |
| 10:05 | Create | Villager (Male) |
| 10:08 | Create | Archer |
| 10:25 | Build | Mill |
| 10:26 | Create | Archer |
| 10:26 | Create | Villager (Male) |
| 10:32 | Create | Villager (Male) |
| 10:44 | Build | House |
| 10:50 | Build | Palisade Wall |
| 10:53 | Build | Farm |
| 10:54 | Build | Farm |
| 10:59 | Create | Archer |
| 11:13 | Create | Villager (Male) |
| 11:13 | Create | Villager (Male) |
| 11:14 | Build | Farm |
| 11:47 | Create | Skirmisher |
| 11:48 | Create | Villager (Male) |
| 11:48 | Create | Villager (Male) |
| 11:50 | Build | Farm |
| 11:54 | Build | Farm |
| 11:56 | Build | House |
| 11:58 | Build | House |
| 12:08 | Create | Villager (Male) |
| 12:10 | Build | Farm |
| 12:29 | Create | Skirmisher |
| 12:32 | Create | Villager (Male) |
| 12:34 | Build | Blacksmith |
| 12:54 | Create | Skirmisher |
| 12:55 | Create | Villager (Male) |
| 12:56 | Build | Farm |
| 13:18 | Build | Farm |
| 13:19 | Build | Farm |
| 13:21 | Create | Skirmisher |
| 13:25 | Create | Villager (Male) |
| 13:35 | Build | Palisade Wall |
| 13:35 | Research | Fletching |
| 13:39 | Build | Farm |
| 13:40 | Create | Skirmisher |
| 13:52 | Create | Villager (Male) |
| 13:52 | Create | Villager (Male) |
| 13:55 | Build | Farm |
| 13:59 | Create | Skirmisher |
| 14:05 | Build | House |
| 14:12 | Create | Villager (Male) |
| 14:15 | Build | Farm |
| 14:24 | Build | Farm |
| 14:36 | Research | Horse Collar |
| 14:36 | Research | Horse Collar |
| 14:38 | Create | Villager (Male) |
| 14:46 | Create | Skirmisher |
| 15:00 | Create | Villager (Male) |
| 15:05 | Build | Farm |
| 15:06 | Create | Skirmisher |
| 15:27 | Create | Villager (Male) |
| 15:29 | Build | Farm |
| 15:41 | Create | Skirmisher |
| 15:53 | Create | Villager (Male) |
| 16:01 | Create | Skirmisher |
| 16:06 | Build | Archery Range |
| 16:13 | Create | Villager (Male) |
| 16:25 | Build | Farm |
| 16:26 | Create | Skirmisher |
| 16:37 | Create | Villager (Male) |
| 16:46 | Create | Skirmisher |
| 16:47 | Create | Villager (Male) |
| 16:48 | Build | Farm |
| 16:50 | Create | Skirmisher |
| 17:00 | Create | Skirmisher |
| 17:11 | Create | Skirmisher |
| 17:17 | Research | Wheelbarrow |
| 17:23 | Build | Farm |
| 17:47 | Build | Farm |
| 18:22 | Create | Skirmisher |
| 18:36 | Research | Castle Age |
| 18:36 | Research | Castle Age |
| 18:42 | Build | Mining Camp |
| 18:43 | Create | Skirmisher |
| 18:48 | Create | Skirmisher |
| 18:53 | Create | Skirmisher |
| 18:57 | Build | House |
| 18:58 | Build | House |
| 18:58 | Build | House |
| 19:11 | Research | Gold Mining |
| 19:12 | Create | Skirmisher |
| 19:31 | Create | Skirmisher |
| 19:40 | Create | Skirmisher |
| 19:44 | Create | Skirmisher |
| 19:48 | Create | Skirmisher |
| 20:28 | Create | Skirmisher |
| 20:31 | Create | Skirmisher |
| 20:39 | Create | Villager (Male) |
| 20:40 | Build | Stable |
| 20:48 | Create | Skirmisher |
| 20:59 | Create | Skirmisher |
| 21:16 | Age | Castle Age |
| 21:18 | Research | Elite Skirmisher (upgrade) |
| 21:19 | Research | Bodkin Arrow |
| 21:22 | Research | Bow Saw |
| 21:28 | Create | Skirmisher |
| 21:35 | Create | Villager (Male) |
| 21:55 | Create | Villager (Male) |
| 22:00 | Create | Villager (Male) |
| 22:07 | Create | Skirmisher |
| 22:14 | Create | Skirmisher |
Match timeline
| 1:35 | DS_StonePleaseAoE · wall_segment Palisade Wall x1 |
| 2:36 | DS_StonePleaseAoE · first_building Barracks |
| 4:48 | wR.Lucho · wall_segment Palisade Wall x4 |
| 5:01 | wR.Lucho · wall_segment Palisade Wall x3 |
| 5:57 | wR.Lucho · wall_segment Palisade Wall x1 |
| 6:10 | wR.Lucho · wall_segment Palisade Wall x3 |
| 6:50 | wR.Lucho · wall_segment Palisade Wall x2 |
| 7:30 | wR.Lucho · wall_segment Palisade Wall x1 |
| 8:40 | wR.Lucho · first_building Barracks |
| 9:17 | wR.Lucho · age_up feudal |
| 9:29 | wR.Lucho · first_building Archery Range |
| 10:15 | DS_StonePleaseAoE · age_up feudal |
| 10:23 | DS_StonePleaseAoE · first_building Archery Range |
| 10:50 | wR.Lucho · wall_segment Palisade Wall x1 |
| 11:24 | DS_StonePleaseAoE · wall_segment Palisade Wall x7 |
| 13:27 | DS_StonePleaseAoE · wall_segment Palisade Wall x18 |
| 13:35 | wR.Lucho · wall_segment Palisade Wall x8 |
| 13:53 | DS_StonePleaseAoE · wall_segment Palisade Wall x8 |
| 13:56 | DS_StonePleaseAoE · wall_segment Palisade Wall x10 |
| 14:16 | DS_StonePleaseAoE · wall_segment Palisade Wall x2 |
| 14:18 | DS_StonePleaseAoE · wall_segment Palisade Wall x2 |
| 18:23 | DS_StonePleaseAoE · first_market_buy 100 food |
| 18:26 | DS_StonePleaseAoE · first_market_sell 100 wood |
| 20:40 | wR.Lucho · first_building Stable |
| 21:08 | DS_StonePleaseAoE · age_up castle |
| 21:08 | DS_StonePleaseAoE · first_building Stable |
| 21:16 | wR.Lucho · age_up castle |
| 21:20 | DS_StonePleaseAoE · first_building Monastery |
| 24:17 | wR.Lucho · first_building Monastery |
| 25:27 | wR.Lucho · first_building Castle |
| 26:30 | DS_StonePleaseAoE · first_building Siege Workshop |
| 27:28 | wR.Lucho · first_building Siege Workshop |
| 34:33 | wR.Lucho · first_market_buy 100 food |
| 35:03 | DS_StonePleaseAoE · first_building Castle |
| 36:18 | DS_StonePleaseAoE · age_up imperial |
| 37:44 | wR.Lucho · age_up imperial |
| 41:08 | wR.Lucho · first_market_sell 100 food |
| 82:01 | DS_StonePleaseAoE · wall_segment Stone Wall x13 |
| 82:04 | DS_StonePleaseAoE · wall_segment Stone Wall x11 |
| 85:51 | wR.Lucho · resign |
[ AI ANALYSIS · 1 CREDIT ]
What really happened in this match?
Wolo.gg analyzes every decision: build order, eco, micro, common mistakes by bracket. Personalized analysis on WhatsApp or Discord in 30 seconds.
Civ guide
Armenians
Perfil
Jugador #339835